 Dungeon Crawl Stone Soup version 0.23-a0-169-gb21e695 (webtiles) character file.

63 grindst0ne the Skirmisher (level 3, -1/30 HPs)
             Began as a Mummy Fighter on Sept 11, 2018.
             Slain by Terence
             ... wielding a +0 trident
              (7 damage)
             ... on level 2 of the Dungeon.
             The game lasted 00:01:42 (944 turns).

grindst0ne the Skirmisher (Mummy Fighter)            Turns: 944, Time: 00:01:43

Health: -1/30      AC:  6    Str: 19    XL:     3   Next: 89%
Magic:  3/3        EV:  7    Int:  8    God:
Gold:   84         SH:  9    Dex: 11    Spells: 2/2 levels left

rFire    x . .     SeeInvis .   a - +0 war axe
rCold    + . .     Gourm    .   c - +0 shield
rNeg     + + +     Faith    .   b - +0 scale mail
rPois    ∞         Spirit   .   (no helmet)
rElec    .         Reflect  .   (no cloak)
rCorr    .         Harm     .   (no gloves)
MR       .....                  (no boots)
Stlth    ..........             (no amulet)
HPRegen  0.10/turn              (no ring)
MPRegen  0.08/turn              (no ring)

@: no status effects
A: no food or potions, fire vulnerability, cold resistance 1, negative energy
resistance 3, torment resistance, unbreathing
a: no special abilities


You were on level 2 of the Dungeon.
You were not hungry.

You visited 1 branch of the dungeon, and saw 2 of its levels.

You collected 84 gold pieces.

Inventory:

Hand Weapons
 a - a +0 war axe (weapon)
Armour
 b - a +0 scale mail (worn)
 c - a +0 shield (worn)
Scrolls
 d - a scroll of identify {unknown}
 e - a scroll of immolation {unknown}
 f - a scroll of magic mapping {unknown}
 g - a scroll of teleportation {unknown}


   Skills:
 + Level 4.0 Fighting
 - Level 1.5 Axes
 - Level 2.4 Armour
 + Level 3.3 Shields


You had 2 spell levels left.
You didn't know any spells.
Your spell library was empty.

Dungeon Overview and Level Annotations

Branches:
Dungeon (2/15)

Altars:
Ashenzari
Trog

Annotations:
D:2 Terence


Innate Abilities, Weirdness & Mutations

You do not eat or drink.
Your flesh is vulnerable to fire.
You are immune to poison.
Your flesh is cold resistant. (rC+)
You are immune to negative energy. (rN+++)
You are immune to unholy pain and torment.
You can survive without breathing.


Message History

Terence is moderately wounded.
Terence hits you with a trident. Terence hits you but does no damage.
You completely miss Terence.
Terence is moderately wounded.
Terence hits you but does no damage.
You hit Terence but do no damage.
Terence is moderately wounded.
Terence hits you with a trident.
You barely miss Terence.
Terence is moderately wounded.
Terence closely misses you. Terence hits you with a trident!
* * * LOW HITPOINT WARNING * * *
You hit Terence but do no damage.
Terence is moderately wounded.
You block Terence's attack.
You can't drink.
Your shield and scale mail prevent you from hitting Terence.
Terence is moderately wounded.
Terence hits you but does no damage. Terence hits you with a trident!
You die...

.............
###.###....###.
..#.#........#. #
#####.#.##.#####.#.
#. .....#.##.# #.#.
#.###...#.##.# #.#.
#.......#.##.# #.#.
#.._.........# #.#.
#...@##.#.#### #.#.
#...@...#.# #.#.
#########.# #.#.
..# #. ### ##


You could see Terence.

Vanquished Creatures
  2 adders (D:2)
  An ooze (D:2)
  2 dart slugs
  A leopard gecko (D:2)
  4 giant cockroaches
  6 goblins
  4 hobgoblins
  A quokka (D:2)
  A ball python (D:1)
  2 bats
  2 frilled lizards
  5 kobolds
  4 rats
35 creatures vanquished.

Notes
Turn   | Place    | Note
-------+----------+-------------------------------------------
     0 | D:1      | grindst0ne the Mummy Fighter began the quest for the Orb.
     0 | D:1      | Reached XP level 1. HP: 18/18 MP: 1/1
   200 | D:1      | Reached XP level 2. HP: 22/24 MP: 2/2
   652 | D:2      | Reached XP level 3. HP: 23/29 MP: 3/3
   758 | D:2      | Found a shattered altar of Ashenzari.
   904 | D:2      | Reached skill level 4 in Fighting
   925 | D:2      | Found a bloodstained altar of Trog.
   930 | D:2      | Noticed Terence
   944 | D:2      | Slain by Terence

Vault maps used:
D:1:      mrwooster_arrival_statue_2, grunt_decor_fettered, minmay_tripent
D:2:      ashenzari_altar_1, bloody_trog, uniq_terence, uniq_natasha

Skill      XL: |  1  2  3 |
---------------+----------+-----
Shields        | 3 |  3.3
Fighting       | 4 |  4.0
Axes           | |  1.5
Armour         | |  2.4

Action                   || total
-------------------------++-------
Melee: War axe           ||   120
Armor: Scale mail        ||    54
Dodge: Dodged            ||    48
Block: Shield            ||    70

Table legend:
 A = Non-vault XP
 B = Vault XP
 C = Vault XP percentage of total XP
 D = Non-vault monster count
 E = Vault monster count
 F = Vault count percentage of total count
                 A         B        C        D         E       F
            +---------+---------+-------+---------+---------+-------
      Total |      88 |       3 |   3.3 |      33 |       2 |   5.7
            +---------+---------+-------+---------+---------+-------
        D:1 |      25 |       3 |  10.7 |      15 |       2 |  11.8
        D:2 |      63 |       0 |   0.0 |      18 |       0 |   0.0
            +---------+---------+-------+---------+---------+-------
